 Dungeon Crawl Stone Soup version 0.17-a0-1617-gfba1302 (webtiles) character file.

3214 spinkules the Severer (level 9, 0/70 HPs)
             Began as a Minotaur Berserker on Aug 1, 2015.
             Was an Elder of Trog.
             Slain by urechis's ghost (27 damage)
             ... on level 8 of the Dungeon.
             The game lasted 00:19:42 (6135 turns).

spinkules the Severer (Minotaur Berserker)          Turns: 6135, Time: 00:19:42

Health: 0/70       AC: 10    Str: 21    XL:     9   Next: 65%
Magic:  8/8        EV: 11    Int:  5    God:    Trog [****..]
Gold:   349        SH:  0    Dex: 13    Spells: 0 memorised, 8 levels left

rFire  . . .     SeeInvis .     O - +0 battleaxe
rCold  . . .     Clarity  .     j - +3 ring mail
rNeg   . . .     SustAt   .     (no shield)
rPois  .         Gourm    .     (helmet restricted)
rElec  .         Spirit   .     (no cloak)
rCorr  .         Warding  .     h - +0 pair of gloves
rMut   .         Stasis   .     e - +0 pair of boots
MR     .....                    (no amulet)
Stlth  +.........               (no ring)
                                (no ring)

@: not resistant to hostile enchantments, very unstealthy
A: retaliatory headbutt, horns 2
a: Burn Spellbooks, Berserk, Trog's Hand, Brothers in Arms, Renounce Religion


You were on level 8 of the Dungeon.
You worshipped Trog.
Trog was greatly pleased with you.
You were not hungry.

You visited 1 branch of the dungeon, and saw 8 of its levels.

You collected 349 gold pieces.

Inventory:

Hand weapons
 a - a +0 hand axe
 O - a +0 battleaxe (weapon)
Armour
 b - a +0 animal skin
 e - a +0 pair of boots (worn)
 g - a +0 ring mail
 h - a +0 pair of gloves (worn)
 j - a +3 ring mail (worn)
 G - a +0 pair of gloves
Jewellery
 s - a +4 ring of strength {unknown}
 B - an uncursed ring of magical power {unknown}
 C - an uncursed amulet of clarity {unknown}
 K - an uncursed ring of stealth {unknown}
Magical devices
 y - a wand of digging (13)
 P - a wand of fire (7)
Scrolls
 d - 3 scrolls of remove curse {unknown}
 f - 3 scrolls of teleportation {unknown}
 k - 4 scrolls of enchant armour {unknown}
 l - a scroll of magic mapping {unknown}
 m - 6 scrolls of identify {unknown}
 o - 2 scrolls of noise {unknown}
 p - 3 scrolls of fear {unknown}
 q - 2 scrolls of fog {unknown}
 r - a scroll of random uselessness {unknown}
 u - 2 scrolls of enchant weapon {unknown}
 w - a scroll of recharging {unknown}
 H - a scroll of brand weapon {unknown}
 L - a scroll of immolation {unknown}
 Q - a scroll of amnesia {unknown}
Potions
 i - 3 potions of curing {unknown}
 n - 2 potions of degeneration {unknown}
 v - 4 potions of lignification {unknown}
 z - a potion of resistance {unknown}
 A - 2 potions of poison {unknown}
 D - a potion of berserk rage {unknown}
 I - a potion of cure mutation {unknown}
 J - 2 potions of mutation {unknown}
 M - a potion of heal wounds {unknown}
 N - a potion of cancellation {unknown}
Books
 F - a book of Power

   Spells                             Type                      Level
   a - Fulminant Prism                Conjuration/Hexes            4
   b - Iskenderun's Mystic Blast      Conjuration                  4
   c - Venom Bolt                     Conjuration/Poison           5
   d - Bolt of Magma                  Conjuration/Fire/Earth       5
   e - Iron Shot                      Conjuration/Earth            6
   f - Orb of Destruction             Conjuration                  7
   g - Spellforged Servitor           Conjuration/Summoning        7
   Trog disapproves of the use of such an item.
 R - a book of Necromancy

   Spells                             Type                      Level
   a - Pain                           Necromancy                   1
   b - Animate Skeleton               Necromancy                   1
   c - Vampiric Draining              Necromancy                   3
   d - Regeneration                   Charms/Necromancy            3
   e - Animate Dead                   Necromancy                   4
   f - Control Undead                 Necromancy                   4
   Trog disapproves of the use of such an item.
Comestibles
 c - 4 bread rations
 t - 2 beef jerkies
 x - a royal jelly
 E - a meat ration


   Skills:
 - Level 3.6 Fighting
 + Level 15.6 Axes
 - Level 2.4 Armour
 - Level 2.1 Dodging


You had 8 spell levels left.
You didn't know any spells.

Dungeon Overview and Level Annotations

Branches:
Dungeon (8/15)             Temple (0/1) D:4
   Lair: D:8-11

Altars:
Cheibriados
Fedhas
Nemelex Xobeh
Ru
Yredelemnul
The Shining One

Shops:
D:4 *

Annotations:
D:8 urechis's ghost, experienced OgFi


Innate Abilities, Weirdness & Mutations

You reflexively headbutt those who attack you in melee.
You have a pair of horns on your head.


Message History

You furiously retaliate!
You headbutt the ice beast, but do no damage.
You slash urechis's ghost!
Urechis's ghost is heavily damaged.
You hit the ice beast.
The ice beast is moderately wounded.
Urechis's ghost hits you!! The ice beast closely misses you.
Unknown command.
You slash urechis's ghost!
You headbutt urechis's ghost, but do no damage.
Urechis's ghost is severely damaged.
You closely miss the ice beast.
The ice beast is moderately wounded.
Urechis's ghost hits you!
The ice beast hits you but does no damage.
Use which ability? (? or * to list) You're too hungry to go berserk.
Eat which item? (? for menu, Esc to quit)
Urechis's ghost hits you!!
You die...

..........# #.
........#(# #. .
....#....# #. ..
...+....+ ## ...
#.#....############ ....
#..................
.....#%.................
........................
......W@.......##.......
......Y........##....#..
....#+#.....##.......###
... +.....##.......### .
#.....##.......#..
.......#.......#..
........#+#....##..
+..............##..
..#........##..


You could see an ice beast and urechis's ghost.

Vanquished Creatures
  Pikel (D:6)
  Joseph (D:7)
  Prince Ribbit (D:5)
  A necrophage (D:5)
  2 ogres
  2 phantoms
  2 centaurs
  3 ice beasts
  A gnoll sergeant (D:7)
  Blork the orc (D:5)
  A big kobold (D:7)
  A scorpion (D:8)
  3 killer bees (D:6)
  A giant frog zombie (D:7)
  9 orc wizards
  A jelly (D:8)
  2 orc priests
  A centaur skeleton (D:4)
  2 hounds
  An iguana (D:5)
  6 worker ants
  A hound zombie (D:4)
  9 adders
  16 gnolls
  An ooze (D:4)
  3 adder skeletons
  2 worms
  4 giant geckos
  19 orcs
  5 hobgoblins
  6 jackals
  A quokka (D:2)
  9 bats
  2 giant cockroaches
  2 giant gecko skeletons
  A giant gecko zombie (D:7)
  3 giant newts
  3 goblins
  A jackal zombie (D:5)
  15 kobolds
  8 rats
154 creatures vanquished.

Notes
Turn   | Place    | Note
--------------------------------------------------------------
     0 | D:1      | spinkules the Minotaur Berserker began the quest for the Orb.
     0 | D:1      | Reached XP level 1. HP: 19/19 MP: 0/0
   175 | D:1      | Reached skill level 4 in Axes
   365 | D:1      | Reached XP level 2. HP: 26/26 MP: 1/1
   779 | D:2      | Reached skill level 5 in Axes
   779 | D:2      | Reached XP level 3. HP: 22/31 MP: 2/2
   793 | D:2      | Acquired Trog's second power
   911 | D:2      | Found a snail-covered altar of Cheibriados.
   911 | D:2      | Found a blossoming altar of Fedhas.
  1123 | D:2      | Found a basalt altar of Yredelemnul.
  1289 | D:2      | Found a sparkling altar of Nemelex Xobeh.
  1589 | D:3      | Noticed an ogre
  1596 | D:3      | Killed an ogre
  1596 | D:3      | Reached skill level 7 in Axes
  1596 | D:3      | Reached XP level 4. HP: 39/39 MP: 3/3
  1596 | D:3      | Reached XP level 5. HP: 45/45 MP: 4/4
  1620 | D:4      | Found a staircase to the Ecumenical Temple.
  1741 | D:4      | Found a sacrificial altar of Ru.
  1829 | D:4      | Found Saic's Assorted Antiques.
  1864 | D:4      | Reached skill level 8 in Axes
  1893 | D:4      | Reached XP level 6. HP: 46/51 MP: 5/5
  2236 | D:4      | Noticed a phantom
  2260 | D:4      | Killed a phantom
  2260 | D:4      | Reached skill level 9 in Axes
  2338 | D:5      | Entered Level 5 of the Dungeon
  2338 | D:5      | Noticed Blork the orc
  2348 | D:5      | Killed Blork the orc
  2442 | D:5      | Reached XP level 7. HP: 48/57 MP: 6/6
  2577 | D:5      | Noticed Prince Ribbit
  2591 | D:5      | Reached skill level 10 in Axes
  3216 | D:5      | Received a gift from Trog
  3217 | D:5      | Reached skill level 11 in Axes
  3335 | D:5      | Killed Prince Ribbit
  3335 | D:5      | Reached skill level 12 in Axes
  3335 | D:5      | Reached XP level 8. HP: 19/64 MP: 7/7
  4069 | D:6      | Reached skill level 13 in Axes
  4372 | D:6      | Noticed Pikel
  4403 | D:6      | Killed Pikel
  4403 | D:6      | Reached skill level 14 in Axes
  4403 | D:6      | Reached XP level 9. HP: 59/70 MP: 8/8
  4452 | D:6      | Acquired Trog's third power
  5267 | D:7      | Found a glowing golden altar of the Shining One.
  5629 | D:7      | Noticed Joseph
  5637 | D:7      | Killed Joseph
  5637 | D:7      | Reached skill level 15 in Axes
  6124 | D:8      | Noticed urechis's ghost (experienced OgFi)
  6135 | D:8      | Slain by urechis's ghost

Vault maps used:
D:1:      dpeg_arrival_stone_temple_mockup
D:2:      lemuel_crystal_altar, old_standard_altar,
          amethyst_overflow_temple_binary
D:3:      lemuel_doored_altar, gup_sewer_entry_glass,
          minmay_misc_feat_more_columns
D:4:      minmay_temple_entry_poolview, first_bread, serial_shops, shop,
          hangedman_ru_absence
D:5:      corexii_shack_village, uniq_blork_the_orc, uniq_prince_ribbit1
D:6:      uniq_pikel
D:7:      tso_metal_star, uniq_joseph
D:8:      kennysheep_mini_moat

Action                   |  1- 3 |  4- 6 |  7- 9 || total
-------------------------+-------+-------+-------++-------
Melee: Hand axe          |    88 |   107 |   270 ||   465
       Battleaxe         |       |       |    53 ||    53
Invok: Berserk           |     1 |     1 |     4 ||     6
  Eat: Chunk             |     2 |     5 |    10 ||    17
       Bread ration      |       |       |     2 ||     2
